 Dungeon Crawl Stone Soup version 0.19-a0-1899-g2d93087 (webtiles) character file.

630 Duralumin the Ruffian (level 7, -7/91 HPs)
             Began as a Troll Arcane Marksman on Oct 20, 2016.
             Mangled by an orc warrior
             ... wielding a +0 long sword
              (13 damage)
             ... on level 6 of the Dungeon.
             The game lasted 00:09:53 (4033 turns).

Duralumin the Ruffian (Troll Arcane Marksman)       Turns: 4033, Time: 00:09:53

Health: -7/91      AC:  5    Str: 25    XL:     7   Next: 24%
Magic:  7/7        EV: 10    Int:  9    God:
Gold:   202        SH:  0    Dex: 11    Spells: 1 memorised, 7 levels left

rFire  . . .     SeeInvis .       - Unarmed
rCold  + . .     Gourm    +     a - +0 robe
rNeg   . . .     Faith    .     (no shield)
rPois  .         Spirit   .     (helmet restricted)
rElec  .         Reflect  .     (no cloak)
rCorr  .         Harm     .     (gloves unavailable)
MR     .....                    (boots unavailable)
Stlth  ..........               j - amulet of rage
                                (no ring)
                                w - ring of protection from cold

@: berserking, slowed
A: unfitting armour, claws 3, fast metabolism 3, gourmand, regeneration 1,
shaggy fur 1, tough skin 2
a: Evoke Berserk Rage


You were on level 6 of the Dungeon.
You were near starving.

You visited 1 branch of the dungeon, and saw 6 of its levels.

You collected 202 gold pieces.

Inventory:

Missiles
 c - 8 large rocks (quivered)
 d - 2 throwing nets
Armour
 a - a +0 robe (worn)
 m - a cursed +0 large shield
Jewellery
 j - an amulet of rage (around neck)
 w - a ring of protection from cold (left claw)
Wands
 v - a wand of flame (15/48)
 y - a wand of disintegration (13/24)
Scrolls
 e - 6 scrolls of identify
 g - 2 scrolls of remove curse
 h - 2 scrolls of magic mapping {unknown}
 k - 2 scrolls of enchant armour {unknown}
 l - a scroll of enchant weapon {unknown}
 p - 2 scrolls of blinking {unknown}
 q - 2 scrolls of teleportation {unknown}
 r - a scroll of amnesia {unknown}
 t - a scroll of recharging {unknown}
Potions
 i - 2 potions of resistance {unknown}
 n - a potion of magic
 o - a potion of degeneration
 s - a potion of heal wounds {unknown}
 u - a potion of curing {unknown}
 x - a potion of agility {unknown}
Books
 b - a book of Debilitation

   Spells                             Type                      Level
   a - Corona                         Hexes                        1
   b - Slow                           Hexes                        2
   c - Gell's Gravitas                Hexes/Translocation          3
   d - Inner Flame                    Hexes/Fire                   3
   e - Cause Fear                     Hexes                        4
   f - Leda's Liquefaction            Hexes/Earth                  4
Comestibles
 f - 8 bread rations
 z - a beef jerky


   Skills:
 - Level 0.7 Fighting
 - Level 1.7 Throwing
 - Level 1.5 Dodging
 - Level 2.2 Shields
 + Level 7.1 Unarmed Combat
 - Level 1.0 Spellcasting
 - Level 2.0 Hexes


You had 7 spell levels left.
You knew the following spells:

 Your Spells              Type           Power        Failure   Level  Hunger
a - Corona                Hex            #......      17%         1    ##.....


Dungeon Overview and Level Annotations

Branches:
Dungeon (6/15)
 Temple: D:4-7

Altars:
Ashenzari
Elyvilon
Gozag
Hepliaklqana
Qazlal
Ru


Innate Abilities, Weirdness & Mutations

You are too large for most types of armour.
You have claws for hands.
Your metabolism is lightning-fast.
You like to eat raw meat.
Your natural rate of healing is unusually fast.
You are covered in fur. (AC +1)
You have very tough skin. (AC +2)


Message History

* * * LOW HITPOINT WARNING * * *
You scratch the orc warrior.
The orc warrior is heavily wounded.
The orc warrior hits you with a long sword!
* * * LOW HITPOINT WARNING * * *
You claw the orc warrior!
The orc warrior is almost dead.
The orc wizard points at you and mumbles some strange words.
You feel yourself slow down.
The crimson imp shouts, "Begone, thou dankish ruttish nert!"
The crimson imp hits you but does no damage.
You closely miss the orc warrior.
The orc warrior is almost dead.
The orc warrior hits you but does no damage.
You closely miss the orc warrior.
The orc warrior is almost dead.
The orc wizard hits you but does no damage.
The crimson imp blinks!
The orc warrior hits you with a long sword!
You die...

## .. #.
#.# .ยง
#.
#####.###
#5..ooo.#
#.##.oT.#
#..<.#
#....#
#.##.#
... .#
###. ##
#.


You could see an orc warrior, an orc wizard, a crimson imp and 2 orcs.

Vanquished Creatures
  A phantom (D:4)
  A scorpion (D:5)
  2 howler monkeys
  An orc priest (D:4)
  An iguana (D:5)
  2 orc wizards (D:4)
  2 worker ants
  A hound skeleton (D:3)
  5 worker ant zombies (D:3)
  8 adders
  A shadow imp (D:5)
  An ooze (D:2)
  2 adder skeletons (D:3)
  An adder zombie (D:3)
  2 worms (D:2)
  A dart slug (D:3)
  4 leopard geckos
  8 orcs
  4 giant cockroaches
  7 goblins
  6 hobgoblins
  6 jackals
  7 kobolds
  4 quokkas
  2 ball pythons (D:2)
  6 bats
  A frilled lizard (D:3)
  A jackal skeleton (D:3)
  A jackal zombie (D:3)
  6 rats
95 creatures vanquished.

Vanquished Creatures (others)
  2 rats (D:1)
2 creatures vanquished.

Grand Total: 97 creatures vanquished

Notes
Turn   | Place    | Note
-------+----------+-------------------------------------------
     0 | D:1      | Duralumin the Troll Arcane Marksman began the quest for the Orb.
     0 | D:1      | Reached XP level 1. HP: 18/18 MP: 1/1
    54 | D:1      | Reached skill level 1 in Unarmed Combat
   157 | D:1      | Reached XP level 2. HP: 20/26 MP: 2/2
   349 | D:1      | Reached skill level 2 in Unarmed Combat
   820 | D:2      | Reached XP level 3. HP: 32/32 MP: 3/3
  1100 | D:2      | Reached skill level 3 in Unarmed Combat
  1327 | D:2      | Reached XP level 4. HP: 40/40 MP: 4/4
  1451 | D:2      | Reached skill level 4 in Unarmed Combat
  1903 | D:3      | Reached XP level 5. HP: 41/46 MP: 5/5
  1925 | D:3      | Reached skill level 5 in Unarmed Combat
  2364 | D:4      | Found an opulent altar of Gozag.
  2382 | D:4      | Found a stormy altar of Qazlal.
  2416 | D:4      | Found a shattered altar of Ashenzari.
  2417 | D:4      | Found a hazy altar of Hepliaklqana.
  2542 | D:4      | Noticed a phantom
  2550 | D:4      | Found a sacrificial altar of Ru.
  2595 | D:4      | Killed a phantom
  2595 | D:4      | Reached skill level 1 in Shields
  2595 | D:4      | Reached skill level 6 in Unarmed Combat
  2595 | D:4      | Reached XP level 6. HP: 10/54 MP: 6/6
  3259 | D:5      | Entered Level 5 of the Dungeon
  3283 | D:5      | Reached XP level 7. HP: 59/61 MP: 7/7
  3673 | D:5      | Found a white marble altar of Elyvilon.
  3897 | D:5      | Reached skill level 7 in Unarmed Combat
  4033 | D:6      | Mangled by an orc warrior

Vault maps used:
D:1:      matt_arrival_los_fun, lemuel_old_faithful
D:2:      solitary_fountain, minmay_bisected
D:3:      serial_undead, serial_undead_f, serial_undead_f, serial_undead_f,
          serial_undead_a, serial_undead_b, serial_undead_e, serial_undead_b,
          serial_undead_b, first_bread, minmay_cupped
D:4:      hangedman_ru_absence, overflow_temple_1_default,
          chequers_temple_overflow_statue_of_worship,
          eino_small_chamber_without_monster, nicolae_qazlal_general_emergency
D:5:      elyvilon_altar_4, minmay_misc_feat_x
D:6:      yredelemnul_forgotten_temple_becter, basic_altar

Skill      XL: |  1  2  3  4  5  6  7 |
---------------+----------------------+-----
Unarmed Combat | 1 2 3 4 6 7 |  7.1
Shields        | 1 2 |  2.2
Fighting       | |  0.7
Throwing       | |  1.7
Dodging        | |  1.5
Spellcasting   | |  1.0
Hexes          | |  2.0

Action                   |  1- 3 |  4- 6 |  7- 9 || total
-------------------------+-------+-------+-------++-------
Melee: Unarmed           |   116 |   208 |    24 ||   348
       Punch             |     2 |     1 |       ||     3
 Abil: Evoke Berserk Rag |       |       |     1 ||     1
  Use: Scroll            |       |     3 |       ||     3
  Eat: Chunk             |    18 |    15 |       ||    33
Armor: Robe              |    35 |    52 |     3 ||    90
Dodge: Dodged            |    54 |    90 |     7 ||   151
